 Dungeon Crawl Stone Soup version 0.30-a0-953-g5f1da4a474 (webtiles) character file.

Game seed: 9319526084538832480

14 funkygono the Trooper (level 2, -2/27 HPs)
             Began as a Minotaur Fighter on Mar 28, 2023.
             Slain by Sigmund
             ... wielding a +0 scythe
              (7 damage)
             ... on level 2 of the Dungeon.
             The game lasted 00:01:05 (758 turns).

funkygono the Trooper (Minotaur Fighter)             Turns: 758, Time: 00:01:06

Health: -2/27      AC:  9    Str: 20    XL:     2   Next: 31%
Magic:  1/1        EV:  7    Int:  5    God:
Gold:   27         SH:  4    Dex:  9    Spells: 1/1 levels left

rFire   . . .      SeeInvis .    a - +0 war axe
rCold   . . .      Faith    .    c - +0 buckler
rNeg    . . .      Spirit   .    e - +0 chain mail
rPois   .          Reflect  .    (helmet restricted)
rElec   .          Rampage  .    (no cloak)
rCorr   .                        (no gloves)
Will    .....                    (no boots) Stlth
                                 (no amulet)
HPRegen 0.24/turn                (no ring)
MPRegen 0.07/turn                (no ring)

@: no status effects
A: horns 2, retaliatory headbutt
a: no special abilities


You were on level 2 of the Dungeon.
You visited 1 branch of the dungeon, and saw 2 of its levels.

You collected 27 gold pieces.

Inventory:

Hand Weapons
 a - a +0 war axe (weapon)
Missiles
 j - 4 poisoned darts (quivered)
Armour
 c - a +0 buckler (worn)
 e - a +0 chain mail (worn)
Scrolls
 b - 2 scrolls of enchant weapon {unknown}
 g - a scroll of identify {unknown}
 l - a scroll of vulnerability {unknown}
Potions
 d - 2 potions of might
 f - a potion of haste {unknown}
 h - a potion of heal wounds {unknown}
 i - a potion of resistance {unknown}
 k - a potion of curing {unknown}


   Skills:
 + Level 4.0 Fighting
 + Level 2.5 Axes
 + Level 3.9 Armour
 + Level 0.2 Dodging
 + Level 3.8 Shields


You had one spell level left.
You didn't know any spells.
Your spell library contained the following spells:

 Spells                   Type           Power      Damage    Failure   Level
 Blink                    Tloc           0%         N/A       100%        2
 Lesser Beckoning         Tloc           0%         N/A       100%        2
 Momentum Strike          Conj/Tloc      0%         3d8       100%        2


Dungeon Overview and Level Annotations

Branches:
Dungeon (2/15)

Altars:

Annotations:
D:2 Sigmund


Innate Abilities, Weirdness & Mutations

You have a pair of horns on your head.
You reflexively headbutt those who attack you in melee.


Message History

The ball python barely misses you. The ball python grabs you.
The ball python constricts you.
The ball python bites you but does no damage.
The ball python constricts you.
You hit Sigmund.
Sigmund is moderately wounded.
You hit the ball python but do no damage.
Sigmund hits you with a +0 scythe!
The ball python bites you but does no damage.
The ball python constricts you.
Unknown command.
You barely miss Sigmund. Your headbutt misses Sigmund.
Sigmund is moderately wounded.
You hit the ball python.
The ball python bites you but does no damage.
The ball python constricts you. You block Sigmund's attack.
The ball python bites you but does no damage.
The ball python constricts you. You block the adder's attack.
You closely miss Sigmund.
Sigmund is moderately wounded.
You hit the adder. You barely miss the ball python.
The ball python bites you but does no damage.
The ball python constricts you. Sigmund casts a spell at you.
The magic dart hits you. The adder bites you but does no damage.
The ball python bites you. The ball python constricts you.
Sigmund hits you with a +0 scythe.
* * * LOW HITPOINT WARNING * * *
The adder barely misses you.
Unknown command.
You hit Sigmund.
Sigmund is heavily wounded.
You closely miss the ball python. You slash the adder!
The ball python barely misses you. You furiously retaliate!
You headbutt the ball python.
You kill the ball python!
The adder bites you.
* * * LOW HITPOINT WARNING * * *
Sigmund hits you with a +0 scythe!
You die...

#..... #.....#
## ....... ..
#.....##.#####
#............#.
#....#.......
#....<.#####
#...S........
#...@...####.
#...@...#
#.#...#.#
#.#.....# #
#######


You could see Sigmund and an adder.

Vanquished Creatures
  2 ball pythons
  2 endoplasms (D:1)
  A goblin (D:1)
  5 hobgoblins (D:1)
  A frilled lizard (D:1)
  2 rats (D:1)
13 creatures vanquished.

Notes
Turn   | Place    | Note
-------+----------+-------------------------------------------
     0 | D:1      | funkygono the Minotaur Fighter began the quest for the Orb.
     0 | D:1      | Reached XP level 1. HP: 19/19 MP: 0/0
   282 | D:1      | Reached XP level 2. HP: 27/27 MP: 1/1
   419 | D:1      | Reached skill level 4 in Fighting
   751 | D:2      | Noticed Sigmund
   758 | D:2      | Slain by Sigmund

Illustrated notes

Levels and vault maps discovered:
D:1:      lemuel_arrival_cross, layout_loops_cross, serial_rivers,
          chequers_serial_rivers_large_a, chequers_serial_rivers_micro_e,
          chequers_serial_rivers_small_b, chequers_serial_rivers_micro_a,
          chequers_serial_rivers_room_b, chequers_serial_rivers_small_a
D:2:      layout_basic, nrook_mini_backslash, uniq_sigmund

Skill      XL: |  1  2 |
---------------+-------+-----
Fighting       | 4 |  4.0
Axes           | |  2.5
Armour         | |  3.9
Dodging        | |  0.2
Shields        | |  3.8

Action                     || total
---------------------------++-------
  Melee: War axe           ||    37
         Headbutt          ||     5
 Armour: Chain mail        ||    25
  Dodge: Dodged            ||    11
  Block: Buckler           ||     9

Table legend: (Time is in decaauts)
 A = Elapsed time spent in this place.
 B = Non-inter-level travel time spent in this place.
 C = Inter-level travel time spent in this place.
 D = Time resting spent in this place.
 E = Time spent auto-exploring this place.
 F = Levels seen in this place.
 G = Mean time per level.
                   A        B        C        D        E       F      G
               +--------+--------+--------+--------+--------+-----+--------+
         Total |    781 |    753 |     28 |      0 |    618 |   2 |  390.5 |
       Dungeon |    781 |    753 |     28 |      0 |    618 |   2 |  390.5 |
               +--------+--------+--------+--------+--------+-----+--------+

Top non-repeatable levels by time:
     D:1: 772 daAuts
     D:2: 8 daAuts
